[ AOE2 MATCH · #465783274 ]
UnrankedPersians vs Italians
[ REPLAY ANALYSIS · EXTRACTED FROM THE RECORDED GAME ]
Feudal
11:08
Castle
24:37
Imperial
44:01
| APM avg | 24.9 |
| APM peak | 59 |
| eAPM avg | 13.3 |
| Villagers / military | 77 / 268 |
Focus
⚔️ 56.4% · 🌾 43.6%
Archer ×213 · War Elephant ×42 · Skirmisher ×7 · Petard ×3 · Trebuchet (Packed) ×3
Feudal
13:45
Castle
19:42
Imperial
37:08
| APM avg | 13.4 |
| APM peak | 33 |
| eAPM avg | 7.1 |
| Villagers / military | 83 / 93 |
Focus
⚔️ 25.6% · 🌾 74.4%
Unknown (882) ×117 · Militia ×53 · Hand Cannoneer ×40 · Trade Cart ×20
Feudal
11:36
Castle
25:09
Imperial
—
| APM avg | 11.5 |
| APM peak | 51 |
| eAPM avg | 7.6 |
| Villagers / military | 123 / 91 |
Focus
⚔️ 36.4% · 🌾 63.6%
Spearman ×28 · Skirmisher ×28 · Camel Scout ×19 · Militia ×16 · Trade Cart ×6
Feudal
16:02
Castle
34:39
Imperial
47:19
| APM avg | 9.0 |
| APM peak | 32 |
| eAPM avg | 6.9 |
| Villagers / military | 84 / 98 |
Focus
⚔️ 41.8% · 🌾 58.2%
Scorpion ×37 · Spearman ×33 · Trade Cart ×16 · Archer ×14 · Skirmisher ×10 · Mangonel ×4
Feudal
14:43
Castle
25:37
Imperial
47:21
| APM avg | 5.3 |
| APM peak | 16 |
| eAPM avg | 4.6 |
| Villagers / military | 89 / 135 |
Focus
⚔️ 29.6% · 🌾 70.4%
Knight ×88 · Teutonic Knight ×40 · Trade Cart ×30 · Monk ×4 · Trebuchet (Packed) ×3
Feudal
20:47
Castle
30:12
Imperial
48:23
| APM avg | 8.8 |
| APM peak | 39 |
| eAPM avg | 7.7 |
| Villagers / military | 88 / 117 |
Focus
⚔️ 37.5% · 🌾 62.5%
Cavalry Archer ×44 · Rattan Archer ×16 · Fire Lancer ×14 · Skirmisher ×11 · Scorpion ×10 · Trade Cart ×7
Match map
Initial resources + every placement click. Lines = walls · curves = elevation contours. ◆ gold · ⬟ stone · ● berries · ✦ relic · ◌ wall gap
Your base· Open — unwalled flank
LanChesslot's base· Open — unwalled flank
ModernSamurai's base· Open — unwalled flank
Chopan's base· Open — unwalled flank
teutonicou's base· Open — unwalled flank
leal1496's base· ✓ Closed at 30:12 · 22t walls · 1 gate(s)
Smoothed initial terrain · ◌ = detected wall gap · hover for details
Inputs per minute
— nicodomax - - LanChesslot
Build order — nicodomax
First 150 of 484 actions detected
| 0:03 | Create | Villager (Male) |
| 0:03 | Create | Villager (Male) |
| 0:07 | Build | House |
| 0:10 | Build | House |
| 0:46 | Create | Villager (Male) |
| 0:46 | Create | Villager (Male) |
| 1:04 | Create | Villager (Male) |
| 1:10 | Research | Loom |
| 1:12 | Create | Villager (Male) |
| 1:14 | Create | Villager (Male) |
| 1:23 | Research | Loom |
| 1:24 | Create | Villager (Male) |
| 1:58 | Create | Villager (Male) |
| 2:41 | Create | Villager (Male) |
| 2:42 | Create | Villager (Male) |
| 3:25 | Create | Villager (Male) |
| 3:32 | Create | Villager (Male) |
| 4:36 | Create | Villager (Male) |
| 4:37 | Create | Villager (Male) |
| 4:47 | Build | House |
| 5:07 | Create | Villager (Male) |
| 5:15 | Build | Lumber Camp |
| 5:51 | Create | Villager (Male) |
| 5:51 | Create | Villager (Male) |
| 6:28 | Build | Mill |
| 7:23 | Create | Villager (Male) |
| 7:23 | Create | Villager (Male) |
| 7:52 | Build | House |
| 8:08 | Build | Mining Camp |
| 8:30 | Create | Villager (Male) |
| 9:04 | Research | Feudal Age |
| 10:44 | Build | Outpost |
| 11:06 | Create | Villager (Male) |
| 11:07 | Create | Villager (Male) |
| 11:08 | Create | Villager (Male) |
| 11:08 | Age | Feudal Age |
| 11:21 | Research | Double-Bit Axe |
| 11:37 | Build | Stone Wall |
| 11:49 | Build | Gate |
| 12:03 | Create | Villager (Male) |
| 12:04 | Create | Villager (Male) |
| 12:23 | Build | Farm |
| 12:23 | Build | Farm |
| 12:25 | Build | Farm |
| 12:47 | Build | House |
| 13:31 | Build | Blacksmith |
| 13:53 | Create | Villager (Male) |
| 13:54 | Create | Villager (Male) |
| 13:54 | Create | Villager (Male) |
| 13:54 | Create | Villager (Male) |
| 14:08 | Build | Farm |
| 14:09 | Build | Farm |
| 14:09 | Build | Farm |
| 14:18 | Research | Horse Collar |
| 14:25 | Create | Villager (Male) |
| 14:25 | Create | Villager (Male) |
| 14:32 | Build | Farm |
| 14:57 | Create | Villager (Male) |
| 15:15 | Build | House |
| 15:51 | Build | Mining Camp |
| 16:00 | Build | House |
| 16:12 | Create | Villager (Male) |
| 16:55 | Build | Mining Camp |
| 17:22 | Create | Villager (Male) |
| 17:23 | Create | Villager (Male) |
| 17:23 | Create | Villager (Male) |
| 17:23 | Create | Villager (Male) |
| 17:24 | Create | Villager (Male) |
| 17:47 | Research | Gold Mining |
| 17:47 | Research | Stone Mining |
| 17:48 | Research | Stone Mining |
| 18:55 | Build | Stone Wall |
| 19:01 | Build | Gate |
| 19:06 | Create | Villager (Male) |
| 19:06 | Create | Villager (Male) |
| 19:11 | Build | House |
| 19:16 | Build | House |
| 19:50 | Build | Market |
| 20:54 | Build | House |
| 21:13 | Build | Watch Tower |
| 22:06 | Build | Barracks |
| 22:09 | Create | Villager (Male) |
| 22:09 | Create | Villager (Male) |
| 22:12 | Research | Castle Age |
| 22:13 | Create | Villager (Male) |
| 22:13 | Create | Villager (Male) |
| 22:14 | Create | Villager (Male) |
| 22:26 | Research | Scale Barding Armor |
| 22:26 | Research | Forging |
| 22:48 | Build | Mining Camp |
| 23:56 | Build | Watch Tower |
| 24:08 | Build | Stone Wall |
| 24:13 | Build | Gate |
| 24:35 | Build | Farm |
| 24:35 | Build | Farm |
| 24:36 | Build | Farm |
| 24:36 | Build | Farm |
| 24:37 | Age | Castle Age |
| 24:38 | Build | Farm |
| 24:39 | Build | Farm |
| 24:44 | Research | Wheelbarrow |
| 24:47 | Create | Villager (Male) |
| 24:49 | Create | Villager (Male) |
| 24:49 | Create | Villager (Male) |
| 24:50 | Create | Villager (Male) |
| 25:07 | Build | Town Center |
| 25:20 | Research | Heavy Plow |
| 25:33 | Create | Villager (Male) |
| 25:34 | Create | Villager (Male) |
| 25:37 | Create | Villager (Male) |
| 26:02 | Research | Bow Saw |
| 27:46 | Build | Lumber Camp |
| 28:13 | Build | Castle |
| 28:53 | Build | Archery Range |
| 28:55 | Build | Archery Range |
| 28:58 | Build | Archery Range |
| 29:14 | Build | Farm |
| 29:17 | Create | Villager (Male) |
| 29:18 | Create | Villager (Male) |
| 29:18 | Create | Villager (Male) |
| 29:19 | Create | Villager (Male) |
| 29:19 | Create | Villager (Male) |
| 29:29 | Create | Villager (Male) |
| 29:29 | Create | Villager (Male) |
| 29:29 | Create | Villager (Male) |
| 29:30 | Create | Villager (Male) |
| 29:30 | Create | Villager (Male) |
| 29:30 | Create | Villager (Male) |
| 29:30 | Create | Villager (Male) |
| 29:37 | Research | Hand Cart |
| 30:17 | Research | Stone Shaft Mining |
| 30:41 | Create | Archer |
| 30:42 | Create | Archer |
| 30:42 | Create | Archer |
| 30:50 | Create | Archer |
| 30:51 | Research | Crossbowman (upgrade) |
| 31:25 | Create | Villager (Male) |
| 31:25 | Create | Villager (Male) |
| 31:26 | Create | Villager (Male) |
| 31:34 | Build | Farm |
| 32:13 | Build | Mill |
| 32:15 | Build | Farm |
| 32:15 | Build | Farm |
| 32:16 | Build | Farm |
| 32:16 | Build | Farm |
| 32:17 | Build | Farm |
| 32:39 | Create | Archer |
| 32:39 | Create | Archer |
| 32:39 | Create | Archer |
| 32:40 | Create | Archer |
Build order — LanChesslot
First 150 of 271 actions detected
| 0:05 | Build | House |
| 0:07 | Build | House |
| 0:09 | Create | Villager (Male) |
| 0:10 | Create | Villager (Male) |
| 0:10 | Create | Villager (Male) |
| 0:10 | Create | Villager (Male) |
| 1:39 | Create | Villager (Male) |
| 2:35 | Create | Villager (Male) |
| 2:36 | Create | Villager (Male) |
| 3:26 | Create | Villager (Male) |
| 3:34 | Create | Villager (Male) |
| 3:59 | Create | Villager (Male) |
| 4:29 | Build | House |
| 4:59 | Create | Villager (Male) |
| 4:59 | Create | Villager (Male) |
| 6:02 | Create | Villager (Male) |
| 7:02 | Create | Villager (Male) |
| 7:03 | Create | Villager (Male) |
| 7:04 | Create | Villager (Male) |
| 7:39 | Build | House |
| 8:36 | Build | Mill |
| 9:09 | Create | Villager (Male) |
| 9:32 | Build | Lumber Camp |
| 9:55 | Create | Villager (Male) |
| 9:56 | Create | Villager (Male) |
| 10:31 | Create | Villager (Male) |
| 10:48 | Create | Villager (Male) |
| 11:23 | Research | Feudal Age |
| 13:07 | Build | Mining Camp |
| 13:16 | Create | Villager (Male) |
| 13:16 | Create | Villager (Male) |
| 13:26 | Build | Farm |
| 13:27 | Build | Farm |
| 13:27 | Build | Farm |
| 13:27 | Build | Farm |
| 13:28 | Build | Farm |
| 13:28 | Build | Farm |
| 13:29 | Build | Farm |
| 13:29 | Build | Farm |
| 13:45 | Age | Feudal Age |
| 13:52 | Create | Villager (Male) |
| 14:02 | Create | Villager (Male) |
| 14:06 | Research | Double-Bit Axe |
| 14:10 | Research | Horse Collar |
| 14:18 | Build | House |
| 14:39 | Build | Blacksmith |
| 14:56 | Build | House |
| 15:03 | Create | Villager (Male) |
| 15:31 | Build | Market |
| 15:45 | Build | Farm |
| 15:46 | Build | Farm |
| 15:46 | Build | Farm |
| 15:47 | Build | Farm |
| 16:07 | Build | Farm |
| 16:39 | Build | Farm |
| 16:41 | Build | Farm |
| 16:54 | Build | House |
| 17:02 | Research | Castle Age |
| 18:01 | Build | Barracks |
| 18:53 | Create | Villager (Male) |
| 18:54 | Create | Villager (Male) |
| 18:55 | Create | Villager (Male) |
| 19:12 | Build | House |
| 19:42 | Age | Castle Age |
| 20:10 | Create | Villager (Male) |
| 20:10 | Create | Villager (Male) |
| 20:16 | Build | Town Center |
| 20:32 | Build | Farm |
| 20:35 | Create | Villager (Male) |
| 20:42 | Build | House |
| 20:47 | Build | House |
| 21:08 | Create | Villager (Male) |
| 21:08 | Create | Villager (Male) |
| 21:09 | Create | Villager (Male) |
| 21:12 | Create | Villager (Male) |
| 21:14 | Create | Villager (Male) |
| 21:14 | Create | Villager (Male) |
| 21:20 | Research | Man-at-Arms (upgrade) |
| 21:29 | Build | House |
| 21:32 | Build | House |
| 21:38 | Build | House |
| 21:43 | Create | Villager (Male) |
| 21:47 | Research | Bow Saw |
| 21:52 | Create | Villager (Male) |
| 21:53 | Create | Villager (Male) |
| 21:59 | Build | Farm |
| 22:29 | Research | Long Swordsman (upgrade) |
| 22:32 | Create | Militia |
| 22:33 | Create | Militia |
| 22:34 | Create | Militia |
| 22:56 | Build | House |
| 23:14 | Build | Town Center |
| 23:21 | Create | Militia |
| 24:07 | Build | Barracks |
| 24:10 | Create | Villager (Male) |
| 24:11 | Create | Villager (Male) |
| 24:11 | Create | Villager (Male) |
| 24:13 | Create | Villager (Male) |
| 24:22 | Build | Mining Camp |
| 24:27 | Research | Heavy Plow |
| 24:28 | Create | Villager (Male) |
| 24:29 | Create | Villager (Male) |
| 24:36 | Create | Militia |
| 24:37 | Create | Militia |
| 24:53 | Build | Farm |
| 25:00 | Research | Scale Mail Armor |
| 25:00 | Research | Forging |
| 25:20 | Create | Militia |
| 25:21 | Create | Militia |
| 25:21 | Create | Militia |
| 25:39 | Build | Farm |
| 25:40 | Build | Farm |
| 25:56 | Create | Villager (Male) |
| 25:57 | Create | Villager (Male) |
| 25:57 | Create | Villager (Male) |
| 26:16 | Build | Farm |
| 26:17 | Create | Villager (Male) |
| 26:18 | Create | Villager (Male) |
| 27:07 | Create | Militia ×5 |
| 27:07 | Create | Militia ×5 |
| 27:16 | Build | Farm |
| 27:17 | Build | Farm |
| 27:38 | Build | Monastery |
| 30:21 | Build | University |
| 30:56 | Create | Militia ×5 |
| 30:57 | Create | Militia ×5 |
| 30:57 | Create | Militia ×5 |
| 31:42 | Create | Militia ×5 |
| 31:42 | Create | Militia ×4 |
| 33:41 | Build | House |
| 33:41 | Build | House |
| 33:41 | Build | House |
| 33:42 | Build | House |
| 33:42 | Build | House |
| 33:43 | Build | House |
| 33:43 | Build | House |
| 33:48 | Create | Villager (Male) |
| 33:48 | Create | Villager (Male) |
| 33:49 | Create | Villager (Male) |
| 33:49 | Create | Villager (Male) |
| 33:58 | Research | Imperial Age |
| 35:11 | Research | Iron Casting |
| 35:13 | Research | Chain Mail Armor |
| 35:24 | Build | Farm |
| 35:24 | Build | Farm |
| 35:34 | Create | Militia ×5 |
| 35:34 | Create | Militia ×5 |
| 37:08 | Age | Imperial Age |
| 39:08 | Build | House |
| 39:08 | Build | House |
Build order — ModernSamurai
First 150 of 315 actions detected
| 0:06 | Build | House |
| 0:13 | Create | Villager (Male) |
| 0:13 | Create | Villager (Male) |
| 0:13 | Create | Villager (Male) |
| 0:17 | Build | House |
| 1:02 | Create | Villager (Male) |
| 2:13 | Create | Villager (Male) |
| 3:12 | Build | Mill |
| 3:17 | Create | Villager (Male) |
| 3:18 | Create | Villager (Male) |
| 4:42 | Create | Villager (Male) |
| 4:43 | Create | Villager (Male) |
| 5:02 | Create | Villager (Male) |
| 5:28 | Build | House |
| 6:30 | Create | Villager (Male) |
| 6:31 | Create | Villager (Male) |
| 7:54 | Build | Lumber Camp |
| 8:11 | Create | Villager (Male) |
| 8:11 | Create | Villager (Male) |
| 8:12 | Create | Villager (Male) |
| 8:33 | Build | House |
| 9:08 | Build | House |
| 9:21 | Create | Villager (Male) |
| 9:25 | Research | Feudal Age |
| 9:27 | Create | Villager (Male) |
| 9:28 | Create | Villager (Male) |
| 10:53 | Build | Farm |
| 10:57 | Build | Farm |
| 11:00 | Build | Farm |
| 11:25 | Build | Farm |
| 11:36 | Age | Feudal Age |
| 11:37 | Create | Villager (Male) |
| 11:54 | Build | Farm |
| 12:05 | Create | Villager (Male) |
| 12:23 | Build | Farm |
| 12:36 | Create | Villager (Male) |
| 13:21 | Build | Barracks |
| 13:50 | Create | Villager (Male) |
| 13:50 | Create | Villager (Male) |
| 14:28 | Build | Market |
| 14:32 | Create | Villager (Male) |
| 14:35 | Create | Villager (Male) |
| 14:59 | Build | Mining Camp |
| 15:10 | Build | Farm |
| 15:18 | Research | Double-Bit Axe |
| 15:29 | Build | Farm |
| 15:33 | Create | Villager (Male) |
| 15:33 | Create | Villager (Male) |
| 15:55 | Build | House |
| 16:11 | Create | Villager (Male) |
| 16:12 | Create | Villager (Male) |
| 16:36 | Build | Blacksmith |
| 16:55 | Create | Villager (Male) |
| 16:56 | Create | Villager (Male) |
| 17:45 | Create | Villager (Male) |
| 17:53 | Build | Farm |
| 18:01 | Build | Farm |
| 18:09 | Build | Farm |
| 18:16 | Build | House |
| 18:52 | Build | Lumber Camp |
| 19:03 | Create | Villager (Male) |
| 19:03 | Create | Villager (Male) |
| 19:05 | Create | Villager (Male) |
| 19:15 | Build | Farm |
| 19:25 | Build | Farm |
| 19:31 | Build | Farm |
| 19:37 | Build | Farm |
| 19:43 | Build | Farm |
| 19:48 | Build | Farm |
| 20:11 | Build | House |
| 20:23 | Research | Forging |
| 21:02 | Build | Palisade Wall |
| 21:14 | Create | Villager (Male) |
| 21:15 | Create | Villager (Male) |
| 21:15 | Create | Villager (Male) |
| 21:39 | Build | Palisade Wall |
| 22:07 | Build | Palisade Wall |
| 22:11 | Build | Palisade Wall |
| 22:16 | Create | Villager (Male) |
| 22:25 | Research | Castle Age |
| 23:39 | Build | Palisade Wall |
| 23:54 | Create | Villager (Male) |
| 23:57 | Create | Villager (Male) |
| 24:19 | Create | Villager (Male) |
| 25:09 | Age | Castle Age |
| 25:27 | Build | Palisade Wall |
| 25:34 | Create | Villager (Male) |
| 25:38 | Research | Bow Saw |
| 25:44 | Research | Gold Mining |
| 26:01 | Build | Palisade Wall |
| 26:25 | Build | Palisade Wall |
| 26:45 | Create | Villager (Male) |
| 26:49 | Research | Wheelbarrow |
| 27:01 | Build | House |
| 27:05 | Build | House |
| 27:51 | Build | Palisade Wall |
| 27:57 | Create | Villager (Male) |
| 27:57 | Create | Villager (Male) |
| 28:18 | Research | Squires |
| 28:18 | Research | Gambesons |
| 28:21 | Create | Militia |
| 28:22 | Create | Militia |
| 28:22 | Create | Militia |
| 28:22 | Create | Militia |
| 28:28 | Create | Spearman |
| 28:29 | Create | Spearman |
| 28:29 | Create | Spearman |
| 28:29 | Create | Spearman |
| 28:29 | Create | Spearman |
| 28:43 | Research | Iron Casting |
| 28:45 | Research | Scale Mail Armor |
| 28:54 | Research | Pikeman (upgrade) |
| 30:23 | Build | Archery Range |
| 30:49 | Create | Spearman |
| 30:49 | Create | Spearman |
| 31:04 | Create | Villager (Male) |
| 31:05 | Create | Villager (Male) |
| 31:05 | Create | Villager (Male) |
| 31:05 | Create | Villager (Male) |
| 31:06 | Create | Villager (Male) |
| 32:11 | Research | Elite Skirmisher (upgrade) |
| 32:12 | Create | Skirmisher |
| 32:12 | Create | Skirmisher |
| 32:12 | Create | Skirmisher |
| 32:13 | Create | Skirmisher |
| 32:14 | Research | Thumb Ring |
| 33:45 | Research | Hand Cart |
| 33:46 | Research | Hand Cart |
| 33:50 | Create | Villager (Male) |
| 33:51 | Create | Villager (Male) |
| 33:51 | Create | Villager (Male) |
| 33:52 | Create | Villager (Male) |
| 33:52 | Create | Villager (Male) |
| 33:52 | Create | Villager (Male) |
| 35:21 | Create | Villager (Male) |
| 35:21 | Create | Villager (Male) |
| 35:22 | Create | Villager (Male) |
| 35:46 | Create | Skirmisher |
| 35:46 | Create | Skirmisher |
| 35:47 | Create | Skirmisher |
| 35:47 | Create | Skirmisher |
| 35:51 | Create | Spearman |
| 35:51 | Create | Spearman |
| 35:51 | Create | Spearman |
| 35:52 | Create | Spearman |
| 35:52 | Create | Spearman |
| 35:52 | Create | Spearman |
| 36:35 | Create | Villager (Male) |
| 36:35 | Create | Villager (Male) |
| 37:10 | Create | Villager (Male) |
Build order — Chopan
First 150 of 335 actions detected
| 0:31 | Build | House |
| 0:59 | Build | Mill |
| 1:12 | Create | Villager (Male) |
| 1:12 | Create | Villager (Male) |
| 1:13 | Create | Villager (Male) |
| 1:13 | Create | Villager (Male) |
| 1:14 | Create | Villager (Male) |
| 3:08 | Create | Villager (Male) |
| 3:08 | Create | Villager (Male) |
| 3:46 | Build | House |
| 3:54 | Build | House |
| 5:34 | Create | Villager (Male) |
| 5:35 | Create | Villager (Male) |
| 5:35 | Create | Villager (Male) |
| 5:35 | Create | Villager (Male) |
| 5:35 | Create | Villager (Male) |
| 5:36 | Create | Villager (Male) |
| 6:17 | Build | Lumber Camp |
| 6:48 | Create | Villager (Male) |
| 6:49 | Create | Villager (Male) |
| 6:49 | Create | Villager (Male) |
| 7:25 | Create | Villager (Male) |
| 7:25 | Create | Villager (Male) |
| 8:12 | Build | Farm |
| 8:29 | Create | Villager (Male) |
| 8:30 | Create | Villager (Male) |
| 8:30 | Create | Villager (Male) |
| 8:40 | Build | Farm |
| 9:04 | Build | House |
| 9:09 | Build | House |
| 10:47 | Build | Lumber Camp |
| 10:57 | Create | Villager (Male) |
| 10:58 | Create | Villager (Male) |
| 10:58 | Create | Villager (Male) |
| 10:58 | Create | Villager (Male) |
| 10:59 | Create | Villager (Male) |
| 10:59 | Create | Villager (Male) |
| 10:59 | Create | Villager (Male) |
| 10:59 | Create | Villager (Male) |
| 11:31 | Build | Farm |
| 11:46 | Build | Farm |
| 12:03 | Build | Farm |
| 12:11 | Build | Farm |
| 12:19 | Build | Farm |
| 12:33 | Build | Farm |
| 12:40 | Build | Farm |
| 12:49 | Build | Farm |
| 13:16 | Build | Farm |
| 13:31 | Research | Feudal Age |
| 13:39 | Build | Farm |
| 13:49 | Build | Farm |
| 14:27 | Build | Farm |
| 14:40 | Build | House |
| 14:45 | Build | House |
| 14:49 | Build | House |
| 15:13 | Build | Farm |
| 15:50 | Build | House |
| 15:56 | Build | House |
| 16:00 | Build | House |
| 16:02 | Age | Feudal Age |
| 16:09 | Research | Wheelbarrow |
| 16:12 | Research | Horse Collar |
| 16:25 | Research | Double-Bit Axe |
| 16:31 | Create | Villager (Male) |
| 16:32 | Create | Villager (Male) |
| 16:32 | Create | Villager (Male) |
| 16:32 | Create | Villager (Male) |
| 16:33 | Create | Villager (Male) |
| 16:33 | Create | Villager (Male) |
| 16:34 | Create | Villager (Male) |
| 16:34 | Create | Villager (Male) |
| 17:01 | Create | Villager (Male) |
| 17:01 | Create | Villager (Male) |
| 17:02 | Create | Villager (Male) |
| 17:02 | Create | Villager (Male) |
| 17:02 | Create | Villager (Male) |
| 17:03 | Create | Villager (Male) |
| 18:02 | Build | Barracks |
| 18:28 | Build | Market |
| 19:18 | Build | Mining Camp |
| 19:36 | Build | Mining Camp |
| 20:45 | Build | Stone Wall |
| 23:04 | Build | Mining Camp |
| 23:12 | Research | Gold Mining |
| 23:13 | Research | Stone Mining |
| 23:51 | Build | Gate |
| 24:25 | Build | Stone Wall |
| 24:52 | Build | Stone Wall |
| 25:11 | Build | Stone Wall |
| 25:32 | Build | Blacksmith |
| 25:39 | Create | Trade Cart |
| 25:39 | Create | Trade Cart |
| 25:40 | Create | Trade Cart |
| 25:40 | Create | Trade Cart |
| 25:40 | Create | Trade Cart |
| 25:40 | Create | Trade Cart |
| 25:41 | Create | Trade Cart |
| 26:26 | Create | Villager (Male) |
| 26:27 | Create | Villager (Male) |
| 26:27 | Create | Villager (Male) |
| 26:27 | Create | Villager (Male) |
| 26:28 | Create | Villager (Male) |
| 26:28 | Create | Villager (Male) |
| 26:28 | Create | Villager (Male) |
| 26:28 | Create | Villager (Male) |
| 26:29 | Create | Villager (Male) |
| 26:29 | Create | Villager (Male) |
| 26:30 | Create | Villager (Male) |
| 26:30 | Create | Villager (Male) |
| 27:03 | Build | Gate |
| 27:59 | Build | Stone Wall |
| 28:11 | Build | Archery Range |
| 28:48 | Build | Stone Wall |
| 28:58 | Build | Stone Wall |
| 29:42 | Build | Lumber Camp |
| 30:22 | Research | Castle Age |
| 31:45 | Build | House |
| 31:49 | Build | House |
| 31:54 | Build | House |
| 32:57 | Create | Archer |
| 32:57 | Create | Archer |
| 32:57 | Create | Archer |
| 32:58 | Create | Archer |
| 32:58 | Create | Archer |
| 32:58 | Create | Archer |
| 32:59 | Create | Archer |
| 33:01 | Create | Archer |
| 33:21 | Build | Archery Range |
| 33:26 | Build | Stable |
| 33:35 | Research | Arson |
| 33:53 | Build | Barracks |
| 34:19 | Build | House |
| 34:23 | Build | House |
| 34:27 | Build | House |
| 34:34 | Build | House |
| 34:39 | Build | House |
| 34:39 | Age | Castle Age |
| 34:45 | Build | House |
| 35:04 | Research | Scale Mail Armor |
| 35:04 | Research | Forging |
| 35:05 | Research | Fletching |
| 35:06 | Research | Padded Archer Armor |
| 35:07 | Research | Scale Barding Armor |
| 35:15 | Research | Hand Cart |
| 35:16 | Create | Villager (Male) |
| 35:16 | Create | Villager (Male) |
| 35:16 | Create | Villager (Male) |
| 35:17 | Create | Villager (Male) |
| 35:21 | Research | Heavy Plow |
| 35:24 | Research | Gold Shaft Mining |
Build order — teutonicou
First 150 of 220 actions detected
| 0:11 | Build | House |
| 0:12 | Build | House |
| 0:14 | Build | House |
| 0:57 | Create | Villager (Male) |
| 0:57 | Create | Villager (Male) |
| 0:57 | Create | Villager (Male) |
| 1:01 | Create | Villager (Male) |
| 1:23 | Build | Mill |
| 3:26 | Create | Villager (Male) |
| 5:05 | Create | Villager (Male) |
| 5:06 | Create | Villager (Male) |
| 5:17 | Create | Villager (Male) |
| 6:42 | Create | Villager (Male) |
| 6:43 | Create | Villager (Male) |
| 6:48 | Create | Villager (Male) |
| 7:03 | Research | Loom |
| 7:50 | Build | Farm |
| 8:34 | Build | Farm |
| 9:03 | Create | Villager (Male) |
| 9:22 | Build | Farm |
| 9:41 | Build | Farm |
| 10:32 | Build | Lumber Camp |
| 10:44 | Create | Villager (Male) |
| 10:46 | Create | Villager (Male) |
| 11:00 | Build | Farm |
| 11:11 | Build | Farm |
| 11:24 | Build | House |
| 11:27 | Build | House |
| 11:52 | Build | Farm |
| 12:33 | Research | Feudal Age |
| 13:24 | Build | Farm |
| 13:36 | Build | Farm |
| 14:43 | Age | Feudal Age |
| 14:50 | Research | Wheelbarrow |
| 14:56 | Research | Horse Collar |
| 15:10 | Research | Double-Bit Axe |
| 15:47 | Create | Villager (Male) ×5 |
| 15:47 | Create | Villager (Male) ×5 |
| 16:49 | Build | Market |
| 17:37 | Build | Mining Camp |
| 18:04 | Create | Villager (Male) |
| 18:05 | Create | Villager (Male) |
| 18:05 | Create | Villager (Male) |
| 18:34 | Build | Lumber Camp |
| 19:36 | Research | Gold Mining |
| 20:07 | Build | Farm |
| 20:29 | Build | Blacksmith |
| 20:50 | Build | House |
| 20:51 | Build | House |
| 20:54 | Build | House |
| 21:28 | Build | Farm |
| 21:36 | Build | Barracks |
| 22:43 | Build | Farm |
| 22:53 | Build | Farm |
| 22:57 | Research | Castle Age |
| 23:35 | Build | Mining Camp |
| 25:37 | Age | Castle Age |
| 25:42 | Create | Villager (Male) |
| 25:43 | Create | Villager (Male) |
| 25:47 | Research | Hand Cart |
| 25:57 | Research | Heavy Plow |
| 26:08 | Research | Bow Saw |
| 26:57 | Build | Stone Wall |
| 27:06 | Build | Gate |
| 27:19 | Build | Stone Wall |
| 27:32 | Create | Villager (Male) ×5 |
| 27:33 | Create | Villager (Male) ×5 |
| 27:35 | Create | Villager (Male) ×5 |
| 28:00 | Build | Stone Wall |
| 28:07 | Build | Gate |
| 28:17 | Build | Stone Wall |
| 28:46 | Build | Stone Wall |
| 29:44 | Build | Monastery |
| 30:33 | Build | Town Center |
| 30:54 | Research | Stone Mining |
| 31:06 | Build | Stone Wall |
| 32:04 | Build | Lumber Camp |
| 32:15 | Create | Villager (Male) ×5 |
| 32:16 | Create | Villager (Male) ×5 |
| 32:20 | Create | Villager (Male) ×5 |
| 32:28 | Create | Monk |
| 32:28 | Create | Monk |
| 32:29 | Create | Monk |
| 32:29 | Create | Monk |
| 32:53 | Build | House |
| 32:55 | Build | House |
| 32:57 | Build | House |
| 33:00 | Build | House |
| 33:03 | Build | House |
| 33:06 | Build | House |
| 33:09 | Build | House |
| 33:32 | Build | Farm |
| 33:34 | Build | Farm |
| 33:36 | Build | Farm |
| 33:39 | Build | Farm |
| 33:41 | Build | Farm |
| 33:45 | Build | Mill |
| 34:13 | Build | Farm |
| 34:15 | Build | Farm |
| 34:17 | Build | Farm |
| 34:39 | Build | Farm |
| 34:41 | Build | Farm |
| 34:59 | Build | Farm |
| 35:02 | Build | Farm |
| 35:07 | Research | Stone Shaft Mining |
| 35:59 | Research | Caravan |
| 36:39 | Create | Trade Cart ×5 |
| 36:39 | Create | Trade Cart ×5 |
| 36:39 | Create | Trade Cart ×5 |
| 38:12 | Build | Castle |
| 38:27 | Create | Villager (Male) ×5 |
| 38:32 | Create | Villager (Male) ×5 |
| 38:32 | Create | Villager (Male) ×5 |
| 38:35 | Create | Villager (Male) ×5 |
| 38:40 | Research | Forging |
| 38:41 | Research | Scale Mail Armor |
| 38:43 | Research | Scale Barding Armor |
| 39:13 | Build | Farm |
| 39:23 | Build | University |
| 39:34 | Build | Mining Camp |
| 39:43 | Research | Ironclad |
| 39:56 | Build | Mining Camp |
| 40:16 | Research | Chain Mail Armor |
| 41:52 | Build | Farm |
| 41:54 | Build | Farm |
| 41:56 | Build | Farm |
| 41:57 | Build | Farm |
| 41:59 | Build | Farm |
| 42:00 | Build | Farm |
| 42:04 | Build | Mill |
| 42:14 | Build | Farm |
| 42:19 | Build | Farm |
| 42:59 | Build | House |
| 43:01 | Build | House |
| 43:03 | Build | House |
| 43:04 | Build | House |
| 43:07 | Build | House |
| 43:08 | Build | House |
| 43:10 | Build | House |
| 43:11 | Build | House |
| 43:16 | Build | House |
| 43:17 | Build | House |
| 43:22 | Build | House |
| 43:24 | Build | House |
| 43:38 | Build | Stable |
| 43:40 | Build | Stable |
| 43:42 | Build | Stable |
| 43:45 | Build | Stable |
| 43:48 | Build | Stable |
| 44:11 | Research | Imperial Age |
Build order — leal1496
First 150 of 346 actions detected
| 1:27 | Create | Villager (Male) |
| 1:27 | Create | Villager (Male) |
| 1:27 | Create | Villager (Male) |
| 1:28 | Create | Villager (Male) |
| 1:28 | Create | Villager (Male) |
| 1:57 | Build | House |
| 1:59 | Build | House |
| 2:22 | Create | Villager (Male) |
| 2:22 | Create | Villager (Male) |
| 3:08 | Create | Villager (Male) |
| 3:08 | Create | Villager (Male) |
| 3:53 | Build | House |
| 3:56 | Build | House |
| 4:25 | Build | Mill |
| 4:31 | Create | Villager (Male) |
| 4:31 | Create | Villager (Male) |
| 6:43 | Create | Villager (Male) |
| 6:43 | Create | Villager (Male) |
| 6:43 | Create | Villager (Male) |
| 6:44 | Create | Villager (Male) |
| 8:20 | Create | Villager (Male) |
| 8:20 | Create | Villager (Male) |
| 8:21 | Create | Villager (Male) |
| 8:21 | Create | Villager (Male) |
| 8:21 | Create | Villager (Male) |
| 10:47 | Build | Lumber Camp |
| 11:16 | Create | Villager (Male) |
| 11:17 | Create | Villager (Male) |
| 11:17 | Create | Villager (Male) |
| 11:44 | Build | Farm |
| 11:57 | Build | Farm |
| 12:47 | Create | Villager (Male) |
| 12:48 | Create | Villager (Male) |
| 12:48 | Create | Villager (Male) |
| 12:48 | Create | Villager (Male) |
| 12:49 | Create | Villager (Male) |
| 12:49 | Create | Villager (Male) |
| 12:49 | Create | Villager (Male) |
| 12:49 | Create | Villager (Male) |
| 12:50 | Create | Villager (Male) |
| 12:50 | Create | Villager (Male) |
| 12:53 | Research | Loom |
| 13:18 | Build | Farm |
| 13:52 | Build | House |
| 13:54 | Build | House |
| 13:57 | Build | House |
| 13:59 | Build | House |
| 14:39 | Create | Villager (Male) |
| 14:41 | Create | Villager (Male) |
| 14:42 | Create | Villager (Male) |
| 14:42 | Create | Villager (Male) |
| 14:57 | Build | Farm |
| 15:18 | Build | Farm |
| 15:25 | Build | Farm |
| 15:49 | Build | Farm |
| 15:54 | Build | Farm |
| 15:59 | Build | Farm |
| 16:03 | Build | Farm |
| 16:08 | Build | Farm |
| 16:29 | Build | Farm |
| 16:35 | Build | Farm |
| 16:57 | Research | Feudal Age |
| 17:08 | Build | Farm |
| 17:13 | Build | Farm |
| 17:33 | Build | Farm |
| 18:52 | Build | Mining Camp |
| 19:26 | Create | Villager (Male) |
| 19:27 | Create | Villager (Male) |
| 19:27 | Create | Villager (Male) |
| 19:27 | Create | Villager (Male) |
| 19:28 | Create | Villager (Male) |
| 19:28 | Create | Villager (Male) |
| 19:29 | Create | Villager (Male) |
| 19:29 | Create | Villager (Male) |
| 19:29 | Create | Villager (Male) |
| 19:29 | Create | Villager (Male) |
| 19:30 | Create | Villager (Male) |
| 19:30 | Create | Villager (Male) |
| 19:30 | Create | Villager (Male) |
| 19:31 | Create | Villager (Male) |
| 20:26 | Build | Barracks |
| 20:37 | Create | Villager (Male) |
| 20:37 | Create | Villager (Male) |
| 20:47 | Age | Feudal Age |
| 20:55 | Build | House |
| 20:58 | Build | House |
| 21:01 | Build | House |
| 21:04 | Build | House |
| 21:13 | Research | Gold Mining |
| 21:17 | Research | Horse Collar |
| 21:33 | Build | Blacksmith |
| 21:51 | Build | Market |
| 21:57 | Research | Man-at-Arms (upgrade) |
| 21:58 | Create | Militia |
| 21:58 | Create | Spearman |
| 21:59 | Create | Spearman |
| 21:59 | Create | Spearman |
| 22:00 | Create | Spearman |
| 22:00 | Create | Militia |
| 22:01 | Create | Militia |
| 22:01 | Create | Militia |
| 22:27 | Research | Double-Bit Axe |
| 23:02 | Build | Mining Camp |
| 23:21 | Build | Farm |
| 23:26 | Build | Farm |
| 24:17 | Build | Palisade Wall |
| 24:32 | Build | Farm |
| 24:42 | Research | Forging |
| 24:43 | Research | Scale Mail Armor |
| 24:44 | Research | Scale Barding Armor |
| 24:45 | Research | Padded Archer Armor |
| 25:18 | Build | Farm |
| 25:24 | Build | Farm |
| 25:29 | Build | Farm |
| 26:02 | Build | Palisade Gate |
| 26:10 | Create | Trade Cart |
| 26:11 | Create | Trade Cart |
| 26:11 | Create | Trade Cart |
| 26:32 | Build | Stone Wall |
| 27:17 | Build | Watch Tower |
| 27:32 | Research | Castle Age |
| 27:35 | Research | Wheelbarrow |
| 27:37 | Create | Villager (Male) |
| 27:37 | Create | Villager (Male) |
| 27:38 | Create | Villager (Male) |
| 27:38 | Create | Villager (Male) |
| 29:38 | Build | Archery Range |
| 29:45 | Research | Fletching |
| 29:52 | Create | Villager (Male) |
| 29:52 | Create | Villager (Male) |
| 29:52 | Create | Villager (Male) |
| 29:52 | Create | Villager (Male) |
| 29:53 | Create | Villager (Male) |
| 29:53 | Create | Villager (Male) |
| 29:53 | Create | Villager (Male) |
| 29:54 | Create | Villager (Male) |
| 29:54 | Create | Villager (Male) |
| 30:12 | Age | Castle Age |
| 31:03 | Build | House |
| 31:05 | Build | House |
| 31:08 | Build | House |
| 31:11 | Build | House |
| 31:38 | Build | University |
| 32:06 | Build | Siege Workshop |
| 32:30 | Research | Elite Skirmisher (upgrade) |
| 32:31 | Research | Crossbowman (upgrade) |
| 32:34 | Create | Archer |
| 32:34 | Create | Archer |
| 32:35 | Create | Archer |
| 32:36 | Create | Skirmisher |
Match timeline
| 11:08 | nicodomax · age_up feudal |
| 11:36 | ModernSamurai · age_up feudal |
| 11:37 | nicodomax · wall_segment Stone Wall x11 |
| 13:21 | ModernSamurai · first_building Barracks |
| 13:45 | LanChesslot · age_up feudal |
| 14:43 | teutonicou · age_up feudal |
| 16:02 | Chopan · age_up feudal |
| 18:01 | LanChesslot · first_building Barracks |
| 18:02 | Chopan · first_building Barracks |
| 18:33 | LanChesslot · first_market_sell 100 wood |
| 18:55 | nicodomax · wall_segment Stone Wall x13 |
| 19:42 | LanChesslot · age_up castle |
| 20:26 | leal1496 · first_building Barracks |
| 20:45 | Chopan · wall_segment Stone Wall x17 |
| 20:47 | leal1496 · age_up feudal |
| 21:02 | ModernSamurai · wall_segment Palisade Wall x13 |
| 21:36 | teutonicou · first_building Barracks |
| 21:39 | ModernSamurai · wall_segment Palisade Wall x3 |
| 22:06 | nicodomax · first_building Barracks |
| 22:07 | ModernSamurai · wall_segment Palisade Wall x4 |
| 22:11 | ModernSamurai · wall_segment Palisade Wall x7 |
| 23:39 | ModernSamurai · wall_segment Palisade Wall x20 |
| 24:08 | nicodomax · wall_segment Stone Wall x17 |
| 24:17 | leal1496 · wall_segment Palisade Wall x9 |
| 24:25 | Chopan · wall_segment Stone Wall x8 |
| 24:37 | nicodomax · age_up castle |
| 24:52 | Chopan · wall_segment Stone Wall x14 |
| 25:09 | ModernSamurai · age_up castle |
| 25:11 | Chopan · wall_segment Stone Wall x18 |
| 25:27 | ModernSamurai · wall_segment Palisade Wall x15 |
| 25:37 | teutonicou · age_up castle |
| 26:01 | ModernSamurai · wall_segment Palisade Wall x1 |
| 26:25 | ModernSamurai · wall_segment Palisade Wall x1 |
| 26:32 | leal1496 · wall_segment Stone Wall x13 |
| 26:57 | teutonicou · wall_segment Stone Wall x3 |
| 27:19 | teutonicou · wall_segment Stone Wall x3 |
| 27:38 | LanChesslot · first_building Monastery |
| 27:51 | ModernSamurai · wall_segment Palisade Wall x18 |
| 27:59 | Chopan · wall_segment Stone Wall x1 |
| 28:00 | teutonicou · wall_segment Stone Wall x3 |
| 28:11 | Chopan · first_building Archery Range |
| 28:13 | nicodomax · first_building Castle |
| 28:17 | teutonicou · wall_segment Stone Wall x6 |
| 28:46 | teutonicou · wall_segment Stone Wall x8 |
| 28:48 | Chopan · wall_segment Stone Wall x5 |
| 28:53 | nicodomax · first_building Archery Range |
| 28:58 | Chopan · wall_segment Stone Wall x3 |
| 29:38 | leal1496 · first_building Archery Range |
| 29:44 | teutonicou · first_building Monastery |
| 30:12 | leal1496 · age_up castle |
| 30:23 | ModernSamurai · first_building Archery Range |
| 31:06 | teutonicou · wall_segment Stone Wall x1 |
| 32:06 | leal1496 · first_building Siege Workshop |
| 33:26 | Chopan · first_building Stable |
| 34:39 | Chopan · age_up castle |
| 37:02 | Chopan · wall_segment Stone Wall x3 |
| 37:08 | LanChesslot · age_up imperial |
| 37:41 | Chopan · first_building Siege Workshop |
| 37:55 | teutonicou · first_market_sell 100 food |
| 37:59 | teutonicou · first_market_buy 100 stone |
| 38:10 | Chopan · first_building Castle |
| 38:12 | teutonicou · first_building Castle |
| 38:18 | ModernSamurai · first_building Stable |
| 39:28 | LanChesslot · first_building Castle |
| 39:59 | ModernSamurai · wall_segment Palisade Wall x5 |
| 40:50 | nicodomax · wall_segment Stone Wall x11 |
| 42:12 | leal1496 · first_building Monastery |
| 42:45 | Chopan · wall_segment Stone Wall x4 |
| 43:38 | teutonicou · first_building Stable |
| 43:52 | leal1496 · tribute_sent a jugador 1 |
| 43:52 | leal1496 · tribute_sent a jugador 2 |
| 43:52 | leal1496 · tribute_sent a jugador 3 |
| 43:52 | leal1496 · tribute_sent a jugador 4 |
| 43:52 | leal1496 · tribute_sent a jugador 5 |
| 44:01 | nicodomax · age_up imperial |
| 44:38 | leal1496 · tribute_sent a jugador 1 |
| 44:38 | leal1496 · tribute_sent a jugador 2 |
| 44:38 | leal1496 · tribute_sent a jugador 3 |
| 44:38 | leal1496 · tribute_sent a jugador 4 |
| 44:38 | leal1496 · tribute_sent a jugador 5 |
| 44:46 | Chopan · first_market_buy 100 stone |
| 46:32 | nicodomax · first_market_sell 100 food |
| 47:19 | Chopan · age_up imperial |
| 47:21 | teutonicou · age_up imperial |
| 48:23 | leal1496 · age_up imperial |
| 51:16 | leal1496 · first_building Castle |
| 52:09 | Chopan · wall_segment Stone Wall x2 |
| 53:01 | LanChesslot · first_building Archery Range |
| 56:58 | nicodomax · first_market_buy 100 stone |
| 62:23 | ModernSamurai · wall_segment Palisade Wall x2 |
| 64:33 | nicodomax · wall_segment Stone Wall x15 |
| 64:44 | nicodomax · wall_segment Palisade Wall x9 |
| 66:23 | ModernSamurai · resign |
[ AI ANALYSIS · 1 CREDIT ]
What really happened in this match?
Wolo.gg analyzes every decision: build order, eco, micro, common mistakes by bracket. Personalized analysis on WhatsApp or Discord in 30 seconds.
Civ guide
Persians
Perfil
Jugador #19933349